FSL
DUNEDIN BLUE JAYS @ COCOA FLYERS
06/26/1982
 
TOP OF THE 1ST
Dunedin Blue Jays batting - Pitching for Cocoa Flyers : RHP Ken Pryce
Pitching: RHP Ken Pryce
Batting: RHB David Hall 0-0: Called Strike
0-1: Fly out, F4 (Popup, 3S, EV 81.9 MPH)
Batting: LHB Ray Cosey 0-0: Ball
1-0: Ball
2-0: SINGLE (Groundball, 56S, EV 68.1 MPH) (infield hit)
Batting: RHB Miguel Rodriguez 0-0: Ball
1-0: Ball
2-0: Ball
3-0: Called Strike
3-1: DOUBLE (Line Drive, 7LM, EV 96.3 MPH)
Ray Cosey to third
Runner from 3rd tries for Home, SAFE, throw by LF to home
Batting: RHB Dale Berra 0-0: Fly out, F8 (Flyball, 8LD, EV 94.4 MPH)
Batting: LHB Gary Fulton 0-0: Ball
1-0: Ball
2-0: Ball
3-0: Called Strike
3-1: Foul Ball, location: 2F
3-2: Strikes out swinging
Top of the 1st over - 1 run, 2 hits, 0 errors, 1 left on base; Dunedin 1 - Cocoa 0
BOTTOM OF THE 1ST
Cocoa Flyers batting - Pitching for Dunedin Blue Jays : RHP Randy Bockus
Pitching: RHP Randy Bockus
Batting: RHB Danny Arroyo 0-0: Ball
1-0: Ball
2-0: Foul Ball, location: 2F
2-1: Ground out 3-1 (Groundball, 34, EV 85.6 MPH)
Batting: RHB Jorge Diaz 0-0: Called Strike
0-1: Fly out, F9 (Line Drive, 9, EV 88.1 MPH)
Batting: LHB Mike Jones 0-0: Called Strike
0-1: Ball
1-1: Foul Ball, location: 2F
1-2: Ball
2-2: Foul Ball, location: 2F
2-2: Foul Ball, location: 2F
2-2: Strikes out swinging
Bottom of the 1st over - 0 runs, 0 hits, 0 errors, 0 left on base; Dunedin 1 - Cocoa 0
TOP OF THE 2ND
Dunedin Blue Jays batting - Pitching for Cocoa Flyers : RHP Ken Pryce
Batting: RHB Brad Wellman 0-0: Foul Ball, location: 2F
0-1: Ball
1-1: Swinging Strike
1-2: Ball
2-2: Ball
3-2: Base on Balls
Batting: RHB Rich Murray 0-0: Foul Ball, location: 2F
0-1: Ball
1-1: Ball
2-1: Foul Ball, location: 2F
2-2: Foul Ball, location: 2F
2-2: Foul Ball, location: 2F
2-2: Ball
3-2: Foul Ball, location: 2F
3-2: Fly out, F8 (Flyball, 78M, EV 85.0 MPH)
Batting: RHB Dave Hogg 0-0: Ball
1-0: Ball
2-0: Called Strike
2-1: Foul Ball, location: 2F
2-2: Foul Ball, location: 2F
2-2: Fly out, F4 (Popup, 4, EV 59.4 MPH)
Batting: RHB Scott Richartz 0-0: Ball
1-0: SINGLE (Line Drive, 6M, EV 96.9 MPH)
Brad Wellman to second
Runner from 2nd tries for 3rd, SAFE, no throw by CF
Batting: RHB David Hall 0-0: Foul Ball, location: 2F
0-1: Ball
1-1: SINGLE (Groundball, 4MD, EV 100.6 MPH)
Brad Wellman scores
Scott Richartz to second
Batting: LHB Ray Cosey 0-0: Swinging Strike
0-1: Ball
1-1: Foul Ball, location: 2F
1-2: Ball
2-2: Foul Ball, location: 2F
2-2: DOUBLE (Line Drive, 9LS, EV 103.1 MPH)
Scott Richartz scores
David Hall to third
Runner from 3rd tries for Home, SAFE, throw by RF to home
Batting: RHB Miguel Rodriguez 0-0: Called Strike
0-1: Ground out 4-3 (Groundball, 4, EV 91.9 MPH)
Top of the 2nd over - 3 runs, 3 hits, 0 errors, 1 left on base; Dunedin 4 - Cocoa 0
BOTTOM OF THE 2ND
Cocoa Flyers batting - Pitching for Dunedin Blue Jays : RHP Randy Bockus
Batting: LHB Gary Robertson 0-0: Ball
1-0: Ball
2-0: Ball
3-0: Called Strike
3-1: Fly out, F9 (Flyball, 9S, EV 86.9 MPH)
Batting: RHB Larry McNutt 0-0: Called Strike
0-1: Ball
1-1: SINGLE (Line Drive, 89S, EV 104.4 MPH)
Batting: LHB Shanie Dugas 0-0: Called Strike
0-1: Ball
1-1: Foul Ball, location: 2F
1-2: Ball
2-2: Strikes out looking
Batting: SHB Rick Lockwood 0-0: Ball
1-0: Ball
2-0: Foul Ball, location: 2F
2-1: Foul Ball, location: 2F
2-2: Ball
3-2: SINGLE (Groundball, 6MD, EV 98.1 MPH)
Larry McNutt to second
Larry McNutt to third
Batting: RHB David McClure 0-0: Ball
1-0: DOUBLE (Line Drive, 9LS, EV 101.3 MPH)
Larry McNutt scores
Rick Lockwood to third
Runner from 3rd tries for Home, SAFE, no throw by RF
Batting: RHB Rhett Whisman 0-0: Foul Ball, location: 2F
0-1: Ball
1-1: Fly out, F7 (Flyball, 7LS, EV 92.5 MPH)
Bottom of the 2nd over - 2 runs, 3 hits, 0 errors, 1 left on base; Dunedin 4 - Cocoa 2
TOP OF THE 3RD
Dunedin Blue Jays batting - Pitching for Cocoa Flyers : RHP Ken Pryce
Batting: RHB Dale Berra 0-0: Ball
1-0: Called Strike
1-1: Foul Ball, location: 2F
1-2: Foul Ball, location: 2F
1-2: Ball
2-2: Foul Ball, location: 2F
2-2: Strikes out swinging
Batting: LHB Gary Fulton 0-0: Foul Ball, location: 2F
0-1: Ball
1-1: Ball
2-1: Ball
3-1: Base on Balls
Batting: RHB Brad Wellman 0-0: Ball
1-0: Ball
2-0: Foul Ball, location: 2F
2-1: Foul Ball, location: 2F
2-2: Foul Ball, location: 2F
2-2: Foul Ball, location: 2F
2-2: Foul Ball, location: 2F
2-2: Ball
3-2: Base on Balls
Gary Fulton to second
Batting: RHB Rich Murray 0-0: TRIPLE (Line Drive, 8LXD, EV 105.0 MPH)
Gary Fulton scores
Brad Wellman scores
Pitching: RHP Timothy Zeuch
Batting: RHB Dave Hogg 0-0: Ball
1-0: Swinging Strike
1-1: Foul Ball, location: 2F
1-2: Ball
2-2: Foul Ball, location: 2F
2-2: Foul Ball, location: 2F
2-2: SINGLE (Flyball, 9LS, EV 86.9 MPH)
Rich Murray scores
Batting: RHB Scott Richartz 0-0: Called Strike
0-1: Ball
1-1: Foul Ball, location: 2F
1-2: Ball
2-2: SINGLE (Line Drive, 7S, EV 99.4 MPH)
Dave Hogg to second
Batting: RHB David Hall 0-0: Called Strike
0-1: Called Strike
0-2: Foul Ball, location: 2F
0-2: Ball
1-2: Ball
2-2: Foul Ball, location: 2F
2-2: Foul Ball, location: 2F
2-2: Foul Ball, location: 2F
2-2: Foul Ball, location: 2F
2-2: Ball
3-2: Foul Ball, location: 2F
3-2: Base on Balls
Dave Hogg to third
Scott Richartz to second
Pitching: RHP Kenneth Rabun
Batting: LHB Ray Cosey 0-0: Ball
1-0: Ball
2-0: SINGLE (Line Drive, 8LS, EV 91.3 MPH)
Dave Hogg scores
Scott Richartz to third
David Hall to second
Batting: RHB Miguel Rodriguez 0-0: Ball
1-0: Ball
2-0: Called Strike
2-1: Ball
3-1: Fly out, F6 (Flyball, 56D, EV 84.4 MPH)
Batting: RHB Dale Berra 0-0: Foul Ball, location: 2F
0-1: Foul Ball, location: 2F
0-2: Strikes out swinging
Top of the 3rd over - 4 runs, 4 hits, 0 errors, 3 left on base; Dunedin 8 - Cocoa 2
BOTTOM OF THE 3RD
Cocoa Flyers batting - Pitching for Dunedin Blue Jays : RHP Randy Bockus
Batting: RHB Danny Arroyo 0-0: Fly out, F9 (Flyball, 9S, EV 83.8 MPH)
Batting: RHB Jorge Diaz 0-0: Swinging Strike
0-1: Foul Ball, location: 2F
0-2: Ball
1-2: Ball
2-2: SOLO HOME RUN (Flyball, 7LD, EV 101.3 MPH), Distance : 359 ft
Batting: LHB Mike Jones 0-0: Ball
1-0: Ball
2-0: Foul Ball, location: 2F
2-1: Foul Ball, location: 2F
2-2: Foul Ball, location: 2F
2-2: Foul Ball, location: 2F
2-2: Ball
3-2: Ground out 5-3 (Groundball, 5L, EV 78.1 MPH)
Batting: LHB Gary Robertson 0-0: Called Strike
0-1: Ball
1-1: Ball
2-1: Ball
3-1: Base on Balls
Batting: RHB Larry McNutt 0-0: Ball
1-0: Ball
2-0: Called Strike
2-1: Ball
3-1: Foul Ball, location: 2F
3-2: Foul Ball, location: 2F
3-2: Base on Balls
Gary Robertson to second
Batting: LHB Shanie Dugas 0-0: Called Strike
0-1: Swinging Strike
0-2: Strikes out swinging
Bottom of the 3rd over - 1 run, 1 hit, 0 errors, 2 left on base; Dunedin 8 - Cocoa 3
TOP OF THE 4TH
Dunedin Blue Jays batting - Pitching for Cocoa Flyers : RHP Kenneth Rabun
Batting: LHB Gary Fulton 0-0: Foul Ball, location: 2F
0-1: Ball
1-1: Foul Ball, location: 2F
1-2: Foul Ball, location: 2F
1-2: Ball
2-2: Foul Ball, location: 2F
2-2: Foul Ball, location: 2F
2-2: SINGLE (Groundball, 34D, EV 108.1 MPH)
Batting: RHB Brad Wellman 0-0: Ball
1-0: Called Strike
1-1: Ball
2-1: Swinging Strike
2-2: Ball
3-2: Strikes out looking
Gary Fulton steals 2nd base
Batter strikes out.
Batting: RHB Rich Murray 0-0: Called Strike
0-1: Swinging Strike
0-2: Strikes out swinging
Batting: RHB Dave Hogg 0-0: Called Strike
0-1: Ball
1-1: Ball
2-1: Fly out, F8 (Line Drive, 8RD, EV 90.0 MPH)
Top of the 4th over - 0 runs, 1 hit, 0 errors, 1 left on base; Dunedin 8 - Cocoa 3
BOTTOM OF THE 4TH
Cocoa Flyers batting - Pitching for Dunedin Blue Jays : RHP Randy Bockus
Batting: SHB Rick Lockwood 0-0: Ball
1-0: Foul Ball, location: 2F
1-1: Fly out, F8 (Line Drive, 8RM, EV 93.1 MPH)
Batting: RHB David McClure 0-0: Called Strike
0-1: Ball
1-1: Ball
2-1: Ball
3-1: Base on Balls
Batting: RHB Rhett Whisman 0-0: Grounds into double play, 4-6-3 (Groundball, 4, EV 101.9 MPH)
Bottom of the 4th over - 0 runs, 0 hits, 0 errors, 0 left on base; Dunedin 8 - Cocoa 3
TOP OF THE 5TH
Dunedin Blue Jays batting - Pitching for Cocoa Flyers : RHP Kenneth Rabun
Pitching: LHP Clifford Mackey
Batting: RHB Scott Richartz 0-0: Ball
1-0: Called Strike
1-1: Swinging Strike
1-2: Strikes out swinging
Batting: RHB David Hall 0-0: Foul Ball, location: 2F
0-1: Ball
1-1: Ball
2-1: Foul Ball, location: 2F
2-2: Ball
3-2: Foul Ball, location: 2F
3-2: Strikes out looking
Batting: LHB Ray Cosey 0-0: Swinging Strike
0-1: Ball
1-1: Ground out U3 (Groundball, 3S, EV 79.4 MPH)
Top of the 5th over - 0 runs, 0 hits, 0 errors, 0 left on base; Dunedin 8 - Cocoa 3
BOTTOM OF THE 5TH
Cocoa Flyers batting - Pitching for Dunedin Blue Jays : RHP Randy Bockus
Batting: RHB Danny Arroyo 0-0: Fly out, F8 (Flyball, 89M, EV 85.6 MPH)
Batting: RHB Jorge Diaz 0-0: Called Strike
0-1: Fly out, F7 (Flyball, 7S, EV 75.6 MPH)
Batting: LHB Mike Jones 0-0: Swinging Strike
0-1: Called Strike
0-2: Foul Ball, location: 2F
0-2: Ball
1-2: Ball
2-2: Fly out, F6 (Popup, P, EV 78.8 MPH)
Bottom of the 5th over - 0 runs, 0 hits, 0 errors, 0 left on base; Dunedin 8 - Cocoa 3
TOP OF THE 6TH
Dunedin Blue Jays batting - Pitching for Cocoa Flyers : LHP Clifford Mackey
Batting: RHB Miguel Rodriguez 0-0: Ball
1-0: Swinging Strike
1-1: Foul Ball, location: 2F
1-2: Ball
2-2: Foul Ball, location: 2F
2-2: Ball
3-2: Foul Ball, location: 2F
3-2: Fly out, F3 (Popup, 3S, EV 75.0 MPH)
Batting: RHB Dale Berra 0-0: Ball
1-0: Called Strike
1-1: Ball
2-1: Called Strike
2-2: Ground out 6-3 (Groundball, 6M, EV 110.0 MPH)
Batting: LHB Gary Fulton 0-0: Ball
1-0: Ball
2-0: Ball
3-0: Called Strike
3-1: Called Strike
3-2: Base on Balls
Pitching: RHP Curtis Reade
Batting: RHB Brad Wellman 0-0: Called Strike
0-1: Ball
1-1: Ball
Gary Fulton steals 2nd base
2-1: Ground out 4-3 (Groundball, 4, EV 101.9 MPH)
Top of the 6th over - 0 runs, 0 hits, 0 errors, 1 left on base; Dunedin 8 - Cocoa 3
BOTTOM OF THE 6TH
Cocoa Flyers batting - Pitching for Dunedin Blue Jays : RHP Randy Bockus
Batting: LHB Gary Robertson 0-0: Ball
1-0: Ball
2-0: SINGLE (Line Drive, 78S, EV 110.0 MPH)
Batting: RHB Larry McNutt 0-0: Foul Ball, location: 2F
0-1: Called Strike
0-2: Fielders Choice at 2nd, 4-6 (Groundball, 4MD, EV 110.6 MPH)
Batting: LHB Shanie Dugas 0-0: Called Strike
0-1: Called Strike
0-2: Ball
Larry McNutt steals 2nd base
1-2: Ground out 4-3 (Groundball, 4, EV 105.6 MPH)
Larry McNutt to third
Batting: SHB Rick Lockwood 0-0: Ground out 4-3 (Groundball, 4, EV 86.3 MPH)
Bottom of the 6th over - 0 runs, 1 hit, 0 errors, 1 left on base; Dunedin 8 - Cocoa 3
TOP OF THE 7TH
Dunedin Blue Jays batting - Pitching for Cocoa Flyers : RHP Curtis Reade
Batting: RHB Rich Murray 0-0: SINGLE (Flyball, 56D, EV 86.3 MPH)
Batting: RHB Dave Hogg 0-0: Ball
1-0: Ball
Rich Murray steals 2nd base
2-0: SINGLE (Groundball, 56S, EV 68.8 MPH) (infield hit)
Rich Murray to third
Batting: RHB Scott Richartz 0-0: Ball
1-0: Ball
2-0: Called Strike
2-1: Foul Ball, location: 2F
2-2: Grounds into double play, 5-4-3 (Groundball, 5S, EV 80.6 MPH)
Rich Murray scores
Batting: RHB David Hall 0-0: Fly out, F7 (Flyball, 78S, EV 86.3 MPH)
Top of the 7th over - 1 run, 2 hits, 0 errors, 0 left on base; Dunedin 9 - Cocoa 3
BOTTOM OF THE 7TH
Cocoa Flyers batting - Pitching for Dunedin Blue Jays : RHP Randy Bockus
Batting: RHB David McClure 0-0: Called Strike
0-1: Ball
1-1: Ground out 5-3 (Groundball, 56, EV 83.8 MPH)
Batting: RHB Rhett Whisman 0-0: Ball
1-0: Ball
2-0: Foul Ball, location: 2F
2-1: Foul Ball, location: 2F
2-2: Foul Ball, location: 2F
2-2: Ground out 6-3 (Groundball, 6, EV 81.9 MPH)
Batting: RHB Danny Arroyo 0-0: Foul Ball, location: 2F
0-1: Ball
1-1: Ball
2-1: Ball
3-1: SINGLE (Groundball, 6M, EV 105.6 MPH) (infield hit)
Batting: RHB Jorge Diaz 0-0: Called Strike
0-1: Ball
1-1: Ball
2-1: Ground out 6-3 (Groundball, 6M, EV 90.6 MPH)
Bottom of the 7th over - 0 runs, 1 hit, 0 errors, 1 left on base; Dunedin 9 - Cocoa 3
TOP OF THE 8TH
Dunedin Blue Jays batting - Pitching for Cocoa Flyers : RHP Curtis Reade
Batting: LHB Ray Cosey 0-0: Called Strike
0-1: DOUBLE (Line Drive, 78M, EV 113.8 MPH)
Pitching: RHP Jeffery Vail
Batting: RHB Miguel Rodriguez 0-0: Ball
1-0: Fly out, F2 (Popup, 23F, EV 90.6 MPH)
Batting: RHB Dale Berra 0-0: Ball
1-0: Ground out 3-1 (Groundball, 34, EV 75.0 MPH)
Ray Cosey to third
Batting: LHB Gary Fulton 0-0: Ball
1-0: Foul Ball, location: 2F
1-1: Called Strike
1-2: Ball
2-2: Ball
3-2: Foul Ball, location: 2F
3-2: Foul Ball, location: 2F
3-2: Strikes out looking
Top of the 8th over - 0 runs, 1 hit, 0 errors, 1 left on base; Dunedin 9 - Cocoa 3
BOTTOM OF THE 8TH
Cocoa Flyers batting - Pitching for Dunedin Blue Jays : RHP Randy Bockus
Batting: LHB Mike Jones 0-0: Ball
1-0: Ball
2-0: Called Strike
2-1: DOUBLE (Line Drive, 9LS, EV 88.1 MPH)
Batting: LHB Gary Robertson 0-0: Ball
1-0: Foul Ball, location: 2F
1-1: Ball
2-1: Foul Ball, location: 2F
2-2: Foul Ball, location: 2F
2-2: Foul Ball, location: 2F
2-2: Ball
3-2: Fly out, F7 (Line Drive, 7, EV 98.8 MPH)
Batting: RHB Larry McNutt 0-0: Fly out, F8 (Flyball, 78S, EV 70.6 MPH)
Batting: LHB Shanie Dugas 0-0: Ball
1-0: Ground out 4-3 (Groundball, 4M, EV 96.9 MPH)
Bottom of the 8th over - 0 runs, 1 hit, 0 errors, 1 left on base; Dunedin 9 - Cocoa 3
TOP OF THE 9TH
Dunedin Blue Jays batting - Pitching for Cocoa Flyers : RHP Jeffery Vail
Batting: RHB Brad Wellman 0-0: Called Strike
0-1: SINGLE (Groundball, 4MS, EV 68.1 MPH) (infield hit)
Batting: RHB Rich Murray 0-0: Ball
1-0: Swinging Strike
1-1: Swinging Strike
1-2: Foul Ball, location: 2F
1-2: Ball
2-2: Strikes out swinging
Batting: RHB Dave Hogg 0-0: Called Strike
0-1: Called Strike
0-2: Ball
1-2: Strikes out looking
Batting: RHB Scott Richartz 0-0: Ground out 3-1 (Groundball, 34, EV 105.6 MPH)
Top of the 9th over - 0 runs, 1 hit, 0 errors, 1 left on base; Dunedin 9 - Cocoa 3
BOTTOM OF THE 9TH
Cocoa Flyers batting - Pitching for Dunedin Blue Jays : RHP Randy Bockus
Batting: SHB Rick Lockwood 0-0: Ball
1-0: Ground out 5-3 (Groundball, 5, EV 85.0 MPH)
Batting: RHB David McClure 0-0: Called Strike
0-1: Fly out, F8 (Flyball, 8LD, EV 107.5 MPH)
Batting: RHB Rhett Whisman 0-0: SINGLE (Groundball, 6MD, EV 103.1 MPH)
Batting: RHB Danny Arroyo 0-0: Swinging Strike
0-1: Swinging Strike
0-2: Ball
1-2: Ball
2-2: Ground out 4-3 (Groundball, 34, EV 84.4 MPH)
Bottom of the 9th over - 0 runs, 1 hit, 0 errors, 1 left on base; Dunedin 9 - Cocoa 3
Monday, August 10th, 2020 - OOTP Baseball 21.5 Build 76